PIO (24 & UNDER)
CHULA VISTA TACOS @ JASPER COUGARS
09/30/2028
 
TOP OF THE 1ST
Chula Vista Tacos batting - Pitching for Jasper Cougars : RHP Francisco Pagán
Pitching: RHP Francisco Pagán
Batting: RHB Matt O'Rourke 0-0: Called Strike
0-1: Called Strike
0-2: Foul Ball, location: 2F
0-2: Ball
1-2: Ball
2-2: Ball
3-2: Base on Balls
Batting: RHB Juan García 0-0: Ball
1-0: Called Strike
1-1: Ball
2-1: Ball
3-1: Foul Ball, location: 2F
3-2: Foul Ball, location: 2F
3-2: Base on Balls
Matt O'Rourke to second
Batting: LHB Roderick Delgado 0-0: Foul Ball, location: 2F
0-1: Ball
1-1: Foul Ball, location: 2F
1-2: Strikes out swinging
Batting: LHB Vernon Hill 0-0: Called Strike
0-1: Foul Ball, location: 2F
0-2: DOUBLE (Flyball, 8RXD)
Matt O'Rourke scores
Juan García to third
Batting: RHB Jake Lawrence 0-0: Ball
1-0: Ball
2-0: Called Strike
2-1: Ball
3-1: Called Strike
3-2: Strikes out swinging
Batting: RHB Ron Garrett 0-0: Called Strike
0-1: Called Strike
0-2: Ball
1-2: Foul Ball, location: 2F
1-2: Ball
2-2: SINGLE (Groundball, 6MD)
Juan García scores
Vernon Hill to third
Runner from 3rd tries for Home, throw and OUT!
Top of the 1st over - 2 run(s), 2 hit(s), 0 error(s), 1 left on base; Chula Vista 2 - Jasper 0
BOTTOM OF THE 1ST
Jasper Cougars batting - Pitching for Chula Vista Tacos : RHP Tony Fullerton
Pitching: RHP Tony Fullerton
Batting: LHB Darren Holland 0-0: Ball
1-0: Ball
2-0: Called Strike
2-1: Ball
3-1: Base on Balls
Batting: RHB Bob Cole 0-0: Called Strike
0-1: Ball
1-1: Ball
2-1: Swinging Strike
2-2: SINGLE (Groundball, 4S) (infield hit)
Darren Holland to second
Batting: LHB Jon Rogers 0-0: Ball
Darren Holland steals 3rd base
Bob Cole to second
1-0: Ground out 3-1 (Groundball, 34)
Darren Holland scores
Bob Cole to third
Batting: RHB Alberto Castillo 0-0: Foul Ball, location: 2F
0-1: Ball
1-1: Fly out, F8 (Flyball, 8LM)
Runner from 3rd tags up, SCORES, no throw
Batting: RHB Juan Carlos 0-0: Called Strike
0-1: Ball
1-1: Swinging Strike
1-2: Strikes out swinging
Bottom of the 1st over - 2 run(s), 1 hit(s), 0 error(s), 0 left on base; Chula Vista 2 - Jasper 2
TOP OF THE 2ND
Chula Vista Tacos batting - Pitching for Jasper Cougars : RHP Francisco Pagán
Batting: LHB Jean Beauchemin 0-0: Foul Ball, location: 2F
0-1: Called Strike
0-2: Foul Ball, location: 2F
0-2: SOLO HOME RUN (Flyball, 7D), Distance : 353 ft
Batting: RHB Dan Salazar 0-0: Called Strike
0-1: Foul Ball, location: 2F
0-2: Ball
1-2: Ball
2-2: Foul Ball, location: 2F
2-2: Foul Ball, location: 2F
2-2: Ball
3-2: Foul Ball, location: 2F
3-2: Base on Balls
Batting: RHB Preston Wooten 0-0: Called Strike
0-1: Ball
1-1: Fly out, F5 (Line Drive, 5)
Batting: RHB Matt O'Rourke 0-0: Ball
1-0: SINGLE (Groundball, 6MD)
Dan Salazar to second
Runner from 2nd tries for 3rd, SAFE, throw made to third
Matt O'Rourke to second
Batting: RHB Juan García 0-0: Ball
1-0: Ball
2-0: Foul Ball, location: 2F
2-1: Swinging Strike
2-2: Strikes out swinging
Batting: LHB Roderick Delgado 0-0: Ball
1-0: Ball
2-0: Ball
3-0: Called Strike
3-1: Ground out 3-1 (Groundball, 34)
Top of the 2nd over - 1 run(s), 2 hit(s), 0 error(s), 2 left on base; Chula Vista 3 - Jasper 2
BOTTOM OF THE 2ND
Jasper Cougars batting - Pitching for Chula Vista Tacos : RHP Tony Fullerton
Batting: RHB José Maldonado 0-0: Ball
1-0: Ball
2-0: Ball
3-0: Base on Balls
Batting: RHB Ben Wilson 0-0: Ball
1-0: Ball
2-0: Called Strike
2-1: Fly out, F9 (Flyball, 89S)
Batting: RHB Charles Lewis 0-0: Ball
1-0: Called Strike
1-1: Ground out 5-3 (Groundball, 56S)
José Maldonado to second
Batting: RHB Scott McGuire 0-0: Ball
1-0: Fly out, F4 (Popup, 34)
Bottom of the 2nd over - 0 run(s), 0 hit(s), 0 error(s), 1 left on base; Chula Vista 3 - Jasper 2
TOP OF THE 3RD
Chula Vista Tacos batting - Pitching for Jasper Cougars : RHP Francisco Pagán
Batting: LHB Vernon Hill 0-0: Called Strike
0-1: Ball
1-1: Ball
2-1: Foul Ball, location: 2F
2-2: SINGLE (Groundball, 6MD)
Batting: RHB Jake Lawrence 0-0: SINGLE (Groundball, 25) (infield hit)
Vernon Hill to second
Batting: RHB Ron Garrett 0-0: Ball
1-0: Foul Ball, location: 2F
1-1: Ball
2-1: Ball
3-1: Called Strike
3-2: Base on Balls
Vernon Hill to third
Jake Lawrence to second
Batting: LHB Jean Beauchemin 0-0: Ball
1-0: Ball
2-0: Fielders Choice at 2nd, 4-6 (Groundball, 4)
Vernon Hill scores
Jake Lawrence to third
Batting: RHB Dan Salazar 0-0: Ball
1-0: Called Strike
1-1: Ball
2-1: Grounds into double play, 5-4-3 (Groundball, 5)
Top of the 3rd over - 1 run(s), 2 hit(s), 0 error(s), 1 left on base; Chula Vista 4 - Jasper 2
BOTTOM OF THE 3RD
Jasper Cougars batting - Pitching for Chula Vista Tacos : RHP Tony Fullerton
Batting: LHB Darren Holland 0-0: Called Strike
0-1: Foul Ball, location: 2F
0-2: Strikes out swinging
Batting: RHB Bob Cole 0-0: Ground out 5-3 (Groundball, 5)
Batting: LHB Jon Rogers 0-0: Ball
1-0: Hit by Pitch
Batting: RHB Alberto Castillo 0-0: Called Strike
0-1: Ball
1-1: Swinging Strike
1-2: Ball
2-2: Foul Ball, location: 2F
2-2: Ball
Jon Rogers steals 2nd base
3-2: SINGLE (Line Drive, 78S)
Jon Rogers to third
Jon Rogers scores
Batting: RHB Juan Carlos 0-0: Ball
Alberto Castillo steals 2nd base
1-0: Ball
2-0: Ball
3-0: Called Strike
3-1: Called Strike
3-2: Foul Ball, location: 2F
3-2: Strikes out looking
Bottom of the 3rd over - 1 run(s), 1 hit(s), 0 error(s), 1 left on base; Chula Vista 4 - Jasper 3
TOP OF THE 4TH
Chula Vista Tacos batting - Pitching for Jasper Cougars : RHP Francisco Pagán
Batting: RHB Preston Wooten 0-0: Foul Ball, location: 2F
0-1: Called Strike
0-2: Ball
1-2: Ball
2-2: Ground out 6-3 (Groundball, 6)
Pitching: LHP Robert Williams
Batting: RHB Matt O'Rourke 0-0: Ball
1-0: Ball
2-0: Ball
3-0: Base on Balls
Batting: RHB Juan García 0-0: Ball
1-0: Ball
Matt O'Rourke is caught stealing 2nd base
2-0: Ball
3-0: Called Strike
3-1: Base on Balls
Batting: LHB Roderick Delgado 0-0: Ball
1-0: Called Strike
1-1: Swinging Strike
1-2: Strikes out looking
Top of the 4th over - 0 run(s), 0 hit(s), 0 error(s), 1 left on base; Chula Vista 4 - Jasper 3
BOTTOM OF THE 4TH
Jasper Cougars batting - Pitching for Chula Vista Tacos : RHP Tony Fullerton
Batting: RHB José Maldonado 0-0: Ball
1-0: Called Strike
1-1: Ball
2-1: Foul Ball, location: 2F
2-2: Fly out, F6 (Flyball, 6MD)
Batting: RHB Ben Wilson 0-0: Swinging Strike
0-1: Called Strike
0-2: Strikes out looking
Batting: RHB Charles Lewis 0-0: Ground out 6-3 (Groundball, 6)
Bottom of the 4th over - 0 run(s), 0 hit(s), 0 error(s), 0 left on base; Chula Vista 4 - Jasper 3
TOP OF THE 5TH
Chula Vista Tacos batting - Pitching for Jasper Cougars : LHP Robert Williams
Batting: LHB Vernon Hill 0-0: Ball
1-0: Called Strike
1-1: Foul Ball, location: 2F
1-2: Strikes out swinging
Batting: RHB Jake Lawrence 0-0: Called Strike
0-1: Foul Ball, location: 2F
0-2: Ball
1-2: Strikes out looking
Batting: RHB Ron Garrett 0-0: Ball
1-0: Ball
2-0: Ball
3-0: Called Strike
3-1: Swinging Strike
3-2: Strikes out swinging
Top of the 5th over - 0 run(s), 0 hit(s), 0 error(s), 0 left on base; Chula Vista 4 - Jasper 3
BOTTOM OF THE 5TH
Jasper Cougars batting - Pitching for Chula Vista Tacos : RHP Tony Fullerton
Batting: RHB Scott McGuire 0-0: Ball
1-0: Called Strike
1-1: Ball
2-1: Ball
3-1: Called Strike
3-2: SINGLE (Line Drive, 7S)
Batting: LHB Darren Holland 0-0: Ball
1-0: Foul Ball, location: 2F
1-1: Foul Ball, location: 2F
1-2: Fly out, F4 (Line Drive, 4MD)
Batting: RHB Bob Cole 0-0: Ball
1-0: Ball
2-0: Swinging Strike
2-1: Foul Ball, location: 2F
2-2: Ground out 5-3 (Groundball, 5S)
Scott McGuire to second
Batting: LHB Jon Rogers 0-0: Ball
1-0: Ball
2-0: Called Strike
2-1: Swinging Strike
2-2: Foul Ball, location: 2F
2-2: Foul Ball, location: 2F
2-2: SINGLE (Flyball, 9LM)
Scott McGuire to third
Runner from 3rd tries for Home, SAFE, no throw
Pitching: LHP Alberto Colón
Batting: RHB Alberto Castillo 0-0: Called Strike
0-1: Called Strike
0-2: SINGLE (Groundball, 56S) (infield hit)
Jon Rogers to second
Batting: RHB Juan Carlos 0-0: Called Strike
0-1: Ball
1-1: Ball
2-1: 3-RUN HOME RUN (Flyball, 7LD), Distance : 320 ft
Batting: RHB José Maldonado 0-0: Ball
1-0: Called Strike
1-1: Foul Ball, location: 2F
1-2: Foul Ball, location: 2F
1-2: Ball
2-2: Foul Ball, location: 2F
2-2: Fly out, F9 (Flyball, 9LMF)
Bottom of the 5th over - 4 run(s), 4 hit(s), 0 error(s), 0 left on base; Chula Vista 4 - Jasper 7
TOP OF THE 6TH
Chula Vista Tacos batting - Pitching for Jasper Cougars : LHP Robert Williams
Batting: LHB Jean Beauchemin 0-0: Called Strike
0-1: Ball
1-1: Foul Ball, location: 2F
1-2: Strikes out swinging
Batting: RHB Dan Salazar 0-0: Ball
1-0: Ball
2-0: Ball
3-0: Called Strike
3-1: Foul Ball, location: 2F
3-2: Foul Ball, location: 2F
3-2: Base on Balls
Pitching: RHP A.J. Wellman
Batting: RHB Preston Wooten 0-0: Ball
1-0: Ball
2-0: Foul Ball, location: 2F
2-1: Ground out 2-3 (Groundball, 15S)
Dan Salazar to second
Batting: RHB Matt O'Rourke 0-0: Called Strike
0-1: Foul Ball, location: 2F
0-2: Strikes out looking
Top of the 6th over - 0 run(s), 0 hit(s), 0 error(s), 1 left on base; Chula Vista 4 - Jasper 7
BOTTOM OF THE 6TH
Jasper Cougars batting - Pitching for Chula Vista Tacos : LHP Alberto Colón
Pitching: RHP Ron Davis
Batting: RHB Ben Wilson 0-0: Foul Ball, location: 2F
0-1: Ball
1-1: Ball
2-1: Foul Ball, location: 2F
2-2: Reached on error, E5 (Line Drive, 5)
Batting: RHB Charles Lewis 0-0: Called Strike
0-1: Foul Ball, location: 2F
0-2: Ball
1-2: SINGLE (Groundball, 56D)
Ben Wilson to second
Batting: RHB Scott McGuire 0-0: Ball
1-0: Ground out 4-3 (Groundball, 4MS)
Ben Wilson to third
Charles Lewis to second
Batting: LHB Darren Holland 0-0: Called Strike
0-1: Ground out 6-3 (Groundball, 6M)
Batting: RHB Bob Cole 0-0: Called Strike
0-1: Ball
Wild Pitch!
Ben Wilson scores
Charles Lewis to third
1-1: Swinging Strike
1-2: Ground out 4-3 (Groundball, 4)
Bottom of the 6th over - 1 run(s), 1 hit(s), 1 error(s), 1 left on base; Chula Vista 4 - Jasper 8
TOP OF THE 7TH
Chula Vista Tacos batting - Pitching for Jasper Cougars : RHP A.J. Wellman
Batting: RHB Juan García 0-0: Called Strike
0-1: Ball
1-1: Ball
2-1: Ball
3-1: Foul Ball, location: 2F
3-2: SINGLE (Groundball, 4MD)
Batting: LHB Roderick Delgado 0-0: Fly out, F8 (Flyball, 78XD)
Batting: LHB Vernon Hill 0-0: SINGLE (Line Drive, 9S)
Juan García to second
Runner from 2nd tries for 3rd, SAFE, throw made to third
Batting: RHB Jake Lawrence 0-0: Ball
1-0: Foul Ball, location: 2F
1-1: Foul Ball, location: 2F
1-2: Strikes out swinging
Batting: RHB Ron Garrett 0-0: Foul Ball, location: 2F
0-1: Ball
1-1: Ball
2-1: Foul Ball, location: 2F
2-2: Ball
3-2: Base on Balls
Vernon Hill to second
Batting: LHB Jean Beauchemin 0-0: Ball
1-0: Foul Ball, location: 2F
1-1: Ball
2-1: Foul Ball, location: 2F
2-2: Ground out 5-3 (Groundball, 56S)
Top of the 7th over - 0 run(s), 2 hit(s), 0 error(s), 3 left on base; Chula Vista 4 - Jasper 8
BOTTOM OF THE 7TH
Jasper Cougars batting - Pitching for Chula Vista Tacos : RHP Ron Davis
Batting: LHB Jon Rogers 0-0: Ground out U3 (Groundball, 3L)
Batting: RHB Alberto Castillo 0-0: Called Strike
0-1: Swinging Strike
0-2: Ball
1-2: Strikes out swinging
Batting: RHB Juan Carlos 0-0: Called Strike
0-1: Swinging Strike
0-2: Hit by Pitch
Batting: RHB José Maldonado 0-0: Ball
1-0: Fly out, F5 (Popup, 5L)
Bottom of the 7th over - 0 run(s), 0 hit(s), 0 error(s), 1 left on base; Chula Vista 4 - Jasper 8
TOP OF THE 8TH
Chula Vista Tacos batting - Pitching for Jasper Cougars : RHP A.J. Wellman
Batting: RHB Dan Salazar 0-0: Fly out, F7 (Flyball, 7D)
Batting: RHB Preston Wooten 0-0: Ball
1-0: Foul Ball, location: 2F
1-1: Foul Ball, location: 2F
1-2: Foul Ball, location: 2F
1-2: Ball
2-2: Strikes out looking
Batting: RHB Matt O'Rourke 0-0: Foul Ball, location: 2F
0-1: Ball
1-1: Ground out 5-3 (Groundball, 56)
Top of the 8th over - 0 run(s), 0 hit(s), 0 error(s), 0 left on base; Chula Vista 4 - Jasper 8
BOTTOM OF THE 8TH
Jasper Cougars batting - Pitching for Chula Vista Tacos : RHP Ron Davis
Batting: RHB Ben Wilson 0-0: Ball
1-0: Ground out 5-3 (Groundball, 56)
Batting: RHB Charles Lewis 0-0: Foul Ball, location: 2F
0-1: Foul Ball, location: 2F
0-2: Strikes out swinging
Batting: RHB Scott McGuire 0-0: Foul Ball, location: 2F
0-1: Ball
1-1: Called Strike
1-2: Ball
2-2: Foul Ball, location: 2F
2-2: Strikes out swinging
Bottom of the 8th over - 0 run(s), 0 hit(s), 0 error(s), 0 left on base; Chula Vista 4 - Jasper 8
TOP OF THE 9TH
Chula Vista Tacos batting - Pitching for Jasper Cougars : RHP A.J. Wellman
Batting: RHB Juan García 0-0: Foul Ball, location: 2F
0-1: Foul Ball, location: 2F
0-2: Strikes out swinging
Batting: LHB Roderick Delgado 0-0: Called Strike
0-1: Hit by Pitch
Batting: LHB Vernon Hill 0-0: Ball
1-0: DOUBLE (Flyball, 8RXD)
Roderick Delgado to third
Runner from 3rd tries for Home, SAFE, throw made at trailing runner, OUT at third!
Batting: RHB Jake Lawrence 0-0: Ball
1-0: Ball
2-0: Ball
3-0: Called Strike
3-1: Base on Balls
Pitching: LHP Teuk-chin Kim
Batting: RHB Ron Garrett 0-0: Ball
1-0: Ball
2-0: Swinging Strike
2-1: 2-RUN HOME RUN (Flyball, 78XD), Distance : 399 ft
Batting: LHB Jean Beauchemin 0-0: Ball
1-0: Foul Ball, location: 2F
1-1: Ball
2-1: Foul Ball, location: 2F
2-2: Strikes out looking
Top of the 9th over - 3 run(s), 2 hit(s), 0 error(s), 0 left on base; Chula Vista 7 - Jasper 8
Tuesday, August 8th, 2017 - OOTP Baseball 17.12 Build 75